[Event "Live Chess"]
[Site "Chess.com"]
[Date "2024.06.01"]
[Round "-"]
[White "Andorranarmy"]
[Black "Andysav3"]
[Result "1/2-1/2"]
[WhiteElo "2045"]
[BlackElo "1865"]
[TimeControl "300"]
[EndTime "11:28:43 PDT"]
[Termination "Game drawn by agreement"]

1. e4 c5 2. Nc3 e6 3. Nf3 d5 4.
exd5 exd5 5. d4 Nc6 6. dxc5 d4 7. Ne4 Bf5 8. Bd3 Nf6 9. Nd6+ Bxd6 10. cxd6 Bxd3 11.
Qxd3 Qxd6 12. O-O O-O 13. Be3 Rad8 14. Rad1 Nb4 15. Qxd4 Qxd4 16. Nxd4 a5 17. a3 Nc6 18. Nxc6 bxc6 19. Bb6 Ra8 20. Rd6 Nd5 21. Rxc6 Ra6 22. c4 Rxb6 23. cxd5 Rxb2 24. Rd1 g6 25. d6 Rd8 26. d7 Rxd7 27. Rcc1 Rxd1+ 28. Rxd1 Rb3 29. Ra1 a4 30. Kf1 Kg7 31. g3 h5 32. Ke2 Rb2+ 33. Kf3 Rb3+ 34. Kg2 Rb2 1/2-1/2

[Event "Live Chess"]
[Site "Chess.com"]
[Date "2024.06.01"]
[Round "-"]
[White "Sokolik_UA"]
[Black "EgbertIII"]
[Result "0-1"]
[WhiteElo "803"]
[BlackElo "1446"]
[TimeControl "300"]
[EndTime "11:29:06 PDT"]
[Termination "EgbertIII won by checkmate"]

1. e4 c6 2. d4 d5 3. exd5 cxd5 4.
Nc3 Nc6 5. Be3 Bf5 6. Nf3 e6 7. Ne5 Nxe5 8. dxe5 a6 9. Bd4 Ne7 10. Be2 Nc6 11. O-O Nxd4 12. Qxd4 Rc8 13. Bg4 Bc5 14. Qa4+ b5 15. Qxa6 Bxg4 16. Nxb5 O-O 17. Nd6 Bxd6 18. exd6 Rxc2 19. f3 Bf5 20. h4 Qxh4 21. d7 Qg3 22.
Rf2 Qxf2+ 23. Kh1 Qxg2# 0-1

[Event "Live Chess"]
[Site "Chess.com"]
[Date "2024.06.01"]
[Round "-"]
[White "Mangoalo"]
[Black "LanceMaster23"]
[Result "0-1"]
[WhiteElo "1009"]
[BlackElo "1788"]
[TimeControl "300"]
[EndTime "11:29:11 PDT"]
[Termination "LanceMaster23 won by resignation"]

1. e4 c6 2. d4 d5 3. exd5 cxd5 4. Nc3 Nf6 5. Bg5 Bf5 6. Bb5+ Nc6 7. Qe2 e6 8. Nf3 Be7 9. Ne5 Rc8 10. Nxc6 bxc6 11.
Bd3 Bxd3 12. Qxd3 Qb6 13. Bxf6 Bxf6 14. O-O-O Rb8 15. b3 O-O 16. Na4 Qb4 17. Kb2 Qxa4 18. h4 c5 19. c4 Bxd4+ 20. Kc2 Qxa2+ 0-1

[Event "Live Chess"]
[Site "Chess.com"]
[Date "2024.06.01"]
[Round "-"]
[White "TigerTank70"]
[Black "educatedlad"]
[Result "1-0"]
[WhiteElo "2217"]
[BlackElo "1762"]
[TimeControl "300"]
[EndTime "11:29:17 PDT"]
[Termination "TigerTank70 won by resignation"]

1. e4 c5 2. d4 cxd4 3. c3 dxc3 4. Nxc3 Nc6 5. Nf3 e6 6. Bc4 a6 7. Qe2 b5 8. Bd3 Bb7 9. O-O Be7 10. Bf4 Rc8 11.
Rac1 Nf6 12. Rfd1 Nh5 13. Be3 f5 14. exf5 exf5 15. Bxf5 O-O 16. Bxd7 Rc7 17. Be6+ Kh8 18. Rxd8 Rxd8 1-0

[Event "Live Chess"]
[Site "Chess.com"]
[Date "2024.06.01"]
[Round "-"]
[White "FortunatusMax"]
[Black "gunslinger222"]
[Result "0-1"]
[WhiteElo "914"]
[BlackElo "2268"]
[TimeControl "300"]
[EndTime "11:29:37 PDT"]
[Termination "gunslinger222 won by resignation"]

1. e4 d5 2. exd5 Qxd5 3. Nc3 Qa5 4.
Nf3 Nf6 5. Bb5+ c6 6. Ba4 Bg4 7.
O-O e6 8. h3 Bh5 9. g4 Nxg4 10.
hxg4 Bxg4 11. b3 Qh5 12. Nh2 Bxd1 13. Rxd1 Bd6 14. Kf1 Qxh2 15. Ke2 b5 16. Bxb5 cxb5 17. Nxb5 Qh5+ 18. f3 Qxb5+ 19. c4 Qe5+ 20. Kf2 Qxa1 21.
d4 Ba3 0-1

[Event "Live Chess"]
[Site "Chess.com"]
[Date "2024.06.01"]
[Round "-"]
[White "PureDashingOctopus"]
[Black "jonny_dzz"]
[Result "1-0"]
[WhiteElo "2253"]
[BlackElo "1863"]
[TimeControl "300"]
[EndTime "11:29:45 PDT"]
[Termination "PureDashingOctopus won by checkmate"]

1. e4 e6 2. d4 d5 3. Nd2 Nf6 4. e5 Nfd7 5. Bd3 c5 6. c3 Nc6 7. Ne2 Qb6 8. Nf3 cxd4 9. cxd4 Bb4+ 10. Bd2 O-O 11. O-O f6 12. exf6 Nxf6 13. Ng3 Nxd4 14.
Nxd4 Qxd4 15. Be3 Qxb2 16. Rb1 Qa3 17. Rb3 Qa5 18. Nh5 Be7 19. Nxf6+ Bxf6 20. Qh5 g6 21. Bxg6 hxg6 22. Qxg6+ Bg7 23. Bh6 Qc7 24. Rg3 Rf7 25. Bxg7 Rxg7 26. Qe8+ Kh7 27. Rh3# 1-0

[Event "Live Chess"]
[Site "Chess.com"]
[Date "2024.06.01"]
[Round "-"]
[White "powerchs"]
[Black "NottheBishopSacrifice"]
[Result "0-1"]
[WhiteElo "1250"]
[BlackElo "2295"]
[TimeControl "300"]
[EndTime "11:29:51 PDT"]
[Termination "NottheBishopSacrifice won by checkmate"]

1. e4 c6 2. d4 d5 3. Nc3 dxe4 4.
Nxe4 Nf6 5. Nxf6+ exf6 6. Ne2 Bd6 7. Bf4 O-O 8. Bxd6 Qxd6 9. Qd2 Be6 10. Qf4 Qb4+ 11. Qd2 Qxb2 12. Rc1 Qxa2 13. g3 Bd5 14. Rg1 Nd7 15. Bg2 Rfe8 16. Kf1 Bc4 17. Re1 Nb6 18. Bf3 Bd5 19. Kg2 Bxf3+ 20. Kxf3 Qd5+ 21. Kg4 Qe6+ 22. Kf4 g5+ 23. Kf3 Qe4# 0-1

[Event "Live Chess"]
[Site "Chess.com"]
[Date "2024.06.01"]
[Round "-"]
[White "ogpin"]
[Black "dhairyapandyauk"]
[Result "1-0"]
[WhiteElo "2216"]
[BlackElo "1715"]
[TimeControl "300"]
[EndTime "11:30:00 PDT"]
[Termination "ogpin won by checkmate"]

1. a4 a5 2. Ra3 e5 3. Re3 Nc6 4.
g3 d5 5. d4 Be6 6. dxe5 Bc5 7. Bg2 Bxe3 8. Bxe3 Nge7 9. Nf3 Nf5 10.
Bc5 b6 11. Ba3 Nb4 12. O-O c5 13. c3 Nc6 14. Qc2 O-O 15. Nbd2 d4 16. cxd4 Ncxd4 17. Nxd4 Nxd4 18. Qd3 Bd5 19. e4 Bc6 20. Nc4 Bxa4 21. Nd6 Qe7 22. f4 f6 23. Nf5 Nxf5 24. exf5 fxe5 25.
Bxa8 Bd7 26. fxe5 Rxa8 27. Qd5+ Qf7 28. Qxa8+ Qf8 29. Qxf8+ Kxf8 30. e6 Bc6 31. b3 Ke7 32.
Bb2 b5 33. Bxg7 a4 34. bxa4 b4 35. f6+ Kxe6 36. f7 b3 37. f8=Q b2 38. Qxc5 b1=Q 39.
Qxc6+ Ke7 40. Bf8+ Kd8 41. Rxb1 h5 42. Rb8# 1-0

[Event "Live Chess"]
[Site "Chess.com"]
[Date "2024.06.01"]
[Round "-"]
[White "koekoekoe"]
[Black "Stanbad1"]
[Result "0-1"]
[WhiteElo "2088"]
[BlackElo "2687"]
[TimeControl "300"]
[EndTime "11:30:09 PDT"]
[Termination "Stanbad1 won on time"]

1. d4 Nf6 2. c4 c5 3. d5 b5 4.
b3 d6 5. Nd2 g6 6. Bb2 Bg7 7.
e4 bxc4 8. bxc4 O-O 9. Ngf3 Nbd7 10. Bd3 a5 11. O-O Rb8 12. Bc3 Ba6 13. Rb1 Qc7 14.
Qa4 Rb4 15. Bxb4 cxb4 16. Rfc1 Nc5 17. Qc2 Nfd7 18. Nb3 Nxd3 19. Qxd3 a4 20. Nbd2 Nc5 21. Qc2 Rb8 22. Ne1 Bh6 23. f3 Qa7 24. Kf1 Be3 25. Nd3 b3 26. Qc3 bxa2 27. Rxb8+ Qxb8 28. Nxc5 Bxc5 29.
Qa1 Qb4 30. Qxa2 Be3 31. Ke2 Bf4 32. g3 Bxd2 33. Qxd2 Bxc4+ 34. Ke3 Qb5 35. Qc3 Bb3 36. Qc6 Qb4 37. Qe8+ Kg7 38. Qxe7 Qb6+ 39. Kf4 Qf2 40. Rc7 Qd2+ 41. Kg4 h5+ 42. Kh3 Bxd5 43. exd5 Qxd5 44. Ra7 Qf5+ 45. Kg2 Qc2+ 46. Kf1 Qd1+ 47. Kf2 Qd4+ 48. Qe3 Qb2+ 49. Kg1 Qb1+ 50. Kg2 Qc2+ 51. Kh3 Qf5+ 52. Kg2 g5 53. Qc3+ Kg6 54. Ra6 Qd5 55. Qc2+ Kf6 56.
Qxa4 g4 57. Qc6 Qd2+ 0-1

[Event "Live Chess"]
[Site "Chess.com"]
[Date "2024.06.01"]
[Round "-"]
[White "updatedopenings2024"]
[Black "sebmoran1"]
[Result "1-0"]
[WhiteElo "1941"]
[BlackElo "1510"]
[TimeControl "300"]
[EndTime "11:30:09 PDT"]
[Termination "updatedopenings2024 won by resignation"]

1. g3 Nf6 2. Bg2 g6 3. Nf3 Bg7 4. O-O O-O 5. d4 c5 6. c4 cxd4 7. Nxd4 Nc6 8. Nc3 Ng4 9. Nxc6 bxc6 10. h3 Nf6 11. e4 Ne8 12. Qc2 Nc7 13. Rd1 Ba6 14.
b3 Ne6 15. Bb2 Nd4 16. Qd2 c5 17. Na4 Rc8 18. Nxc5 Qb6 19. Nxd7 Rfd8 20. Nxb6 axb6 21. Bxd4 Rxd4 22. Qxd4 Bxd4 23. Rxd4 1-0

[Event "Live Chess"]
[Site "Chess.com"]
[Date "2024.06.01"]
[Round "-"]
[White "nigelst"]
[Black "GEMdzq"]
[Result "0-1"]
[WhiteElo "1672"]
[BlackElo "2302"]
[TimeControl "300"]
[EndTime "11:30:15 PDT"]
[Termination "GEMdzq won by resignation"]

1. e4 Nf6 2. e5 Nd5 3. d4 d6 4.
Bc4 Nb6 5. Bb3 g6 6. e6 Bxe6 7. Bxe6 fxe6 8. Nf3 Bg7 9. c3 O-O 10. Qe2 Qd7 11. O-O Nc6 12. Re1 e5 13. dxe5 Nxe5 14.
Nxe5 Bxe5 15. Nd2 Rae8 16. Nf3 Bg7 17. Be3 e5 18. Bxb6 axb6 19. Rad1 Qf5 20. Rd5 h6 21.
Nd4 Qf7 22. Rb5 exd4 23. Qf1 Rxe1 24. Qxe1 dxc3 25. bxc3 Bxc3 0-1

[Event "Live Chess"]
[Site "Chess.com"]
[Date "2024.06.01"]
[Round "-"]
[White "bobby_jamesFischer86"]
[Black "StoreySniper"]
[Result "0-1"]
[WhiteElo "1591"]
[BlackElo "2557"]
[TimeControl "300"]
[EndTime "11:30:21 PDT"]
[Termination "StoreySniper won by resignation"]

1. d4 Nf6 2. c4 g6 3. Nc3 Bg7 4. e4 O-O 5. Nf3 d6 6. Be2 e5 7. dxe5 dxe5 8. Qxd8 Rxd8 9. O-O c6 10.
h3 Re8 11. Be3 Nfd7 12. b4 Nf8 13. Rad1 Ne6 14. a3 Na6 15. c5 Nac7 16. Bc4 b5 17. Bb3 a5 18. Ra1 Nd4 19. Bd1 axb4 20. Ne2 Nxf3+ 21.
gxf3 Rxa3 22. Rxa3 bxa3 23. Bb3 Be6 24. Bxe6 Nxe6 25.
Ra1 b4 26. Bd2 Rb8 27. Nc1 Nxc5 28. Rb1 b3 29. Be3 a2 0-1

[Event "Live Chess"]
[Site "Chess.com"]
[Date "2024.06.01"]
[Round "-"]
[White "Crowded_House"]
[Black "FlyingChessKestrel13"]
[Result "0-1"]
[WhiteElo "1755"]
[BlackElo "2093"]
[TimeControl "300"]
[EndTime "11:30:31 PDT"]
[Termination "FlyingChessKestrel13 won by resignation"]

1. d4 d5 2. Bg5 h6 3. Bh4 g5 4.
Bg3 Bg7 5. c3 c5 6. dxc5 Nc6 7.
e3 e5 8. Nf3 Be6 9. Nbd2 Nge7 10. Nb3 Nf5 11. Be2 Nxg3 12. hxg3 Qe7 13. O-O a5 14.
Bb5 a4 15. Nbd2 Qxc5 16. Bxc6+ bxc6 17. Re1 O-O 18. Qc1 a3 19. bxa3 Qxa3 20. Qxa3 Rxa3 21.
Nb3 Rfa8 22. Re2 e4 23. Nfd4 Bxd4 24. cxd4 Rxb3 25. a4 Ra5 26. Rc2 Bd7 27. Rca2 Rb4 28. Kf1 c5 29. dxc5 Rbxa4 30. Rxa4 Rxa4 31. Rc1 Rc4 32. Rxc4 dxc4 33. Ke2 Kf8 34. Kd2 Ke8 35. Kc3 Be6 36. Kd4 f5 37. f3 exf3 38. gxf3 Kd7 39.
f4 gxf4 40. exf4 Kc6 41. Ke5 c3 42. Kxe6 c2 43. Kxf5 c1=Q 44. Kg6 Qxc5 45. Kxh6 Qf5 0-1

[Event "Live Chess"]
[Site "Chess.com"]
[Date "2024.06.01"]
[Round "-"]
[White "educatedlad"]
[Black "Mangoalo"]
[Result "1-0"]
[WhiteElo "1762"]
[BlackElo "1009"]
[TimeControl "300"]
[EndTime "11:30:37 PDT"]
[Termination "educatedlad won by resignation"]

1. d4 Nc6 2. d5 Nb8 3. Nf3 Nf6 4. Nc3 e6 5. dxe6 dxe6 6. Qxd8+ Kxd8 7. Bg5 Nc6 8. O-O-O+ Bd7 9. Nb5 Be7 10. e3 h6 11. Bf4 Nd5 12. Rxd5 exd5 13. Nxc7 Rc8 14. Nxd5 Bg5 15. Nxg5 hxg5 16. Bxg5+ f6 17. Bf4 1-0

[Event "Live Chess"]
[Site "Chess.com"]
[Date "2024.06.01"]
[Round "-"]
[White "viktor_forever1994"]
[Black "hisaveliy"]
[Result "1-0"]
[WhiteElo "1390"]
[BlackElo "633"]
[TimeControl "300"]
[EndTime "11:30:38 PDT"]
[Termination "viktor_forever1994 won by checkmate"]

1. e4 d6 2. d4 Nf6 3. Nc3 g6 4. Nf3 Bg7 5. Bc4 O-O 6. O-O c6 7. h3 b5 8. Bb3 b4 9. Ne2 a5 10.
Ng3 a4 11. Bc4 d5 12. exd5 cxd5 13. Bd3 Nc6 14. Re1 Bd7 15. Bg5 Qc8 16. Bb5 Ng4 17. Bxc6 Bxc6 18. hxg4 Qxg4 19. Bxe7 Rfe8 20. Bxb4 Rxe1+ 21. Qxe1 Bxd4 22. Nxd4 Qxd4 23. Bc3 Qc4 24. Qe5 Re8 25. Qg7# 1-0

[Event "Live Chess"]
[Site "Chess.com"]
[Date "2024.06.01"]
[Round "-"]
[White "Richardallis"]
[Black "IanCalvert2"]
[Result "1/2-1/2"]
[WhiteElo "2039"]
[BlackElo "1511"]
[TimeControl "300"]
[EndTime "11:31:03 PDT"]
[Termination "Game drawn by repetition"]

1. d4 d5 2. Nf3 Nf6 3. Bg5 Ne4 4.
Bf4 c5 5. c3 Nc6 6. e3 Qb6 7.
Qb3 c4 8. Qxb6 axb6 9. Nbd2 Bf5 10.
a3 b5 11. Rc1 e6 12. Nxe4 Bxe4 13. Nd2 Bg6 14. f3 Kd7 15. e4 Bd6 16. Bxd6 Kxd6 17. h4 h5 18. Kf2 f6 19. g3 e5 20. exd5 Kxd5 21. dxe5 Nxe5 22. Ne4 Bxe4 23. fxe4+ Kxe4 24. Bg2+ Kf5 25. Bxb7 Nd3+ 26. Kf3 Nxc1 27. Be4+ Ke6 28. Bxa8 Rxa8 29. Rxc1 Rd8 30. Re1+ Kf5 31. Re7 Rd3+ 32. Kf2 g5 33. hxg5 fxg5 34. Rb7 Rd2+ 35. Kf3 Rxb2 36.
Rf7+ Kg6 37. Rb7 Rb3 38. Ke4 Rxc3 39. Rb6+ Kg7 40. Rxb5 Rxa3 41. Rxg5+ Kh6 42. Rg8 Kh7 43. Rg5 Kh6 44. Rg8 Kh7 45. Rg5 Kh6 1/2-1/2

[Event "Live Chess"]
[Site "Chess.com"]
[Date "2024.06.01"]
[Round "-"]
[White "MaksymYurii"]
[Black "chessfiction"]
[Result "0-1"]
[WhiteElo "935"]
[BlackElo "2405"]
[TimeControl "300"]
[EndTime "11:31:07 PDT"]
[Termination "chessfiction won by checkmate"]

1. e4 d6 2. Nf3 Nf6 3. Nc3 Bg4 4. Be2 Nc6 5. h3 Bh5 6. g4 Bg6 7. d3 e6 8. Bg5 Be7 9. h4 h6 10. Bxf6 Bxf6 11. h5 Bh7 12. d4 Qe7 13. e5 dxe5 14. dxe5 Nxe5 15. Nxe5 Bxe5 16. Bb5+ c6 17. Ba4 Qb4 18.
Bb3 Bxc3+ 19. bxc3 Qe4+ 20. Qe2 Qxh1+ 21. Qf1 Qxf1+ 22.
Kxf1 O-O-O 23. f4 Rd2 24. f5 Rhd8 25. fxe6 fxe6 26. Re1 Rf8+ 27. Kg1 Rff2 28. Bxe6+ Kc7 29. Bc4 Rg2+ 30. Kh1 Rh2+ 31. Kg1 Rdg2+ 32. Kf1 Rxc2 33. Re7+ Kb6 34. Re1 Rh1# 0-1

[Event "Live Chess"]
[Site "Chess.com"]
[Date "2024.06.01"]
[Round "-"]
[White "dl_chess"]
[Black "DoctorMantisTobogganMD"]
[Result "0-1"]
[WhiteElo "1171"]
[BlackElo "2208"]
[TimeControl "300"]
[EndTime "11:31:16 PDT"]
[Termination "DoctorMantisTobogganMD won by resignation"]

1. e4 g6 2. Nc3 c6 3. d4 Bg7 4. Nf3 d5 5. e5 Bg4 6. h3 Bxf3 7. Qxf3 f6 8. exf6 Nxf6 9. Bg5 O-O 10. Qe3 Nbd7 11.
Bd3 Qc7 12. O-O-O e5 13. dxe5 Qxe5 14. Rhe1 Qxe3+ 15. fxe3 Rae8 16. Ne2 Ne4 17. Bxe4 Rxe4 18. Nd4 Rfe8 19. Nb3 h6 20. Nd2 hxg5 21. Nxe4 Rxe4 22. g3 Ne5 23. Kb1 Nc4 24. c3 g4 25. h4 Be5 26.
Rg1 Rxe3 27. Rdf1 Nd2+ 0-1

[Event "Live Chess"]
[Site "Chess.com"]
[Date "2024.06.01"]
[Round "-"]
[White "Nazar-Makarchuk"]
[Black "Ferrarifan27"]
[Result "0-1"]
[WhiteElo "1502"]
[BlackElo "2050"]
[TimeControl "300"]
[EndTime "11:31:16 PDT"]
[Termination "Ferrarifan27 won by resignation"]

1. e4 e5 2. Nf3 Nc6 3. Bb5 a6 4. Bxc6 dxc6 5. O-O Bg4 6. d4 Bxf3 7. Qxf3 exd4 8. Rd1 c5 9. c3 Bd6 10. cxd4 cxd4 11.
Qd3 c5 12. Nd2 Ne7 13. Nb3 O-O 14. g3 Qc7 15. Qf3 Ng6 16. Bd2 Ne5 17. Qg2 Nc4 18. Rab1 Nxd2 19. Nxd2 b5 20. Rdc1 Qb6 21. Nf3 Rfe8 22. e5 Be7 23. Qf1 Rac8 24. b3 Qb7 25. Qg2 Bf8 26. Re1 Rcd8 27. Nh4 Qxg2+ 28. Kxg2 c4 29. bxc4 bxc4 30. Rb6 a5 31. Rc6 c3 32.
Nf3 Bb4 33. Rd1 d3 34. a3 c2 35. Rxd3 Rxd3 36. axb4 axb4 37. Rxc2 b3 38. Rb2 Rb8 39. Kf1 Rxf3 0-1

[Event "Live Chess"]
[Site "Chess.com"]
[Date "2024.06.01"]
[Round "-"]
[White "willc-h99"]
[Black "WilliamofOrange16th"]
[Result "1-0"]
[WhiteElo "2632"]
[BlackElo "1955"]
[TimeControl "300"]
[EndTime "11:31:35 PDT"]
[Termination "willc-h99 won by resignation"]

1. d4 d5 2. Nf3 Nf6 3. g3 c6 4. Bg2 Bf5 5. O-O e6 6. Nbd2 Bd6 7. Nh4 Bg6 8. c3 Nbd7 9. Re1 e5 10. Nxg6 hxg6 11. e4 dxe4 12. Nxe4 Nxe4 13. Bxe4 f5 14. dxe5 Bxe5 15. Bg2 O-O 16. Qb3+ Kh7 17. Qxb7 f4 18.
Qxc6 fxg3 19. hxg3 Rc8 20. Qe4 Bf6 21. Be3 Ne5 22.
Rad1 Qe7 23. Kh2 Rc4 24. Qd5 Ng4+ 25. Kg1 Rc7 26. Bf3 Nxe3 27. Rxe3 Qf7 28. Qa5 Be7 29. Qxc7 1-0

[Event "Live Chess"]
[Site "Chess.com"]
[Date "2024.06.01"]
[Round "-"]
[White "JavaidMiah"]
[Black "hapehansen"]
[Result "0-1"]
[WhiteElo "1182"]
[BlackElo "2243"]
[TimeControl "300"]
[EndTime "11:31:39 PDT"]
[Termination "hapehansen won on time"]

1. c4 e6 2. Nc3 d5 3. cxd5 exd5 4. d4 Nf6 5. Nf3 c6 6. Bf4 Bd6 7. Qd2 O-O 8. Rc1 Re8 9. Bxd6 Qxd6 10. e3 Nbd7 11. Bd3 Nb6 12. O-O Ne4 13. Qc2 Qe7 14.
Ne5 f6 15. f3 Ng5 16. h4 fxe5 17. hxg5 Qxg5 18. Bxh7+ Kh8 19. f4 Qh6 20. Bg6 Re6 21. f5 Re7 22. Qf2 Bd7 23. f6 gxf6 24. Qxf6+ Qg7 25.
Qh4+ Kg8 26. Bh5 exd4 27. Rf2 dxe3 0-1

[Event "Live Chess"]
[Site "Chess.com"]
[Date "2024.06.01"]
[Round "-"]
[White "gobbles19"]
[Black "LL220284LL"]
[Result "0-1"]
[WhiteElo "2189"]
[BlackElo "2578"]
[TimeControl "300"]
[EndTime "11:31:42 PDT"]
[Termination "LL220284LL won by checkmate"]

1. e4 g6 2. d4 Bg7 3. Nc3 d6 4. Be2 Nd7 5. Nf3 b6 6. O-O Bb7 7. Be3 Ngf6 8. Nd2 O-O 9. f4 c5 10. d5 Re8 11. Bf3 e6 12. Nc4 Qb8 13. Bf2 exd5 14. exd5 a6 15. a4 Qc7 16. Qd2 Re7 17.
Rfe1 Rae8 18. Rxe7 Rxe7 19. Re1 Rxe1+ 20. Qxe1 Bf8 21. Qd2 Bc8 22. f5 Ne5 23. Nxe5 dxe5 24. fxg6 hxg6 25. Qg5 Bg7 26. Bg3 Ne8 27. h3 Bf6 28. Qe3 Qe7 29. Ne4 Bg7 30. Nd2 f5 31.
Qb3 f4 32. Bf2 Nd6 33. Ne4 Bf5 34. Bh4 Qxh4 35. Nxd6 Qe1+ 36. Kh2 Qg3+ 37. Kg1 e4 38. Nxe4 Bxe4 39. d6+ Kh7 40. Bxe4 Bd4+ 41. Kh1 Qe1+ 42. Kh2 Qg1# 0-1

[Event "Live Chess"]
[Site "Chess.com"]
[Date "2024.06.01"]
[Round "-"]
[White "grandmaster1707"]
[Black "rakibsachchu"]
[Result "1-0"]
[WhiteElo "1467"]
[BlackElo "1557"]
[TimeControl "300"]
[EndTime "11:31:44 PDT"]
[Termination "grandmaster1707 won by resignation"]

1. e4 c5 2. Nf3 e6 3. d4 cxd4 4.
Nxd4 a6 5. Nc3 Qc7 6. f4 b5 7.
a3 Bb7 8. Be3 Nc6 9. Nxc6 Qxc6 10.
Be2 Nf6 11. Bf3 Qc7 12. O-O b4 13. Na4 Nxe4 14. Nb6 Rb8 15. Qd4 Bc5 16. Qd3 Qxb6 17. Bxe4 Bxe3+ 18. Kh1 Bxe4 19. Qxe4 d5 20. Qf3 Bd4 21. f5 Bxb2 22. fxe6 Bf6 23. exf7+ Kxf7 24. Qxd5+ Qe6 25. Qd3 Rhe8 26. Qxh7 Rh8 27. Qd3 Qe5 28. Qc4+ Kg6 29. Qd3+ Kf7 30. h3 Rhc8 31. Rae1 Qb5 32. Qb3+ Qc4 33. Qf3 bxa3 34. Qxa3 Qb4 35. Qa2+ Qc4 36.
Qa3 Qb4 37. Qf3 Rxc2 38. Qd5+ Kg6 39. Qf5+ Kf7 40. Qxc2 1-0

[Event "Live Chess"]
[Site "Chess.com"]
[Date "2024.06.01"]
[Round "-"]
[White "OurKnightAtTheOpera"]
[Black "RamsayFlayer"]
[Result "1-0"]
[WhiteElo "2030"]
[BlackElo "1953"]
[TimeControl "300"]
[EndTime "11:31:47 PDT"]
[Termination "OurKnightAtTheOpera won by checkmate"]

1. e4 e5 2. Bc4 Nf6 3. d3 Bc5 4. Nf3 Nc6 5. O-O d6 6. c3 Be6 7. Nbd2 Bxc4 8. Nxc4 h6 9. Be3 Nd7 10. Bxc5 Nxc5 11. b4 Ne6 12. d4 exd4 13. cxd4 Ne7 14. d5 Nf4 15. Re1 O-O 16. Qd2 Nfg6 17. a3 f5 18. Nd4 fxe4 19. Ne6 Qe8 20. Nxf8 Qxf8 21.
Rxe4 Qf5 22. Rd4 Rf8 23. Re1 Rf7 24. Ne3 Qh5 25. Qc2 Nf4 26. Rd2 Nexd5 27. Nxd5 Nxd5 28. Qc4 c6 29. b5 Qg5 30. Rde2 Nf4 31. Re8+ Kh7 32.
Qe4+ g6 33. Kh1 d5 34. Qf3 Kg7 35. Qc3+ Qf6 36. Qxf6+ Kxf6 37. bxc6 bxc6 38. g3 Nd3 39. R1e6+ Kg5 40. Rxc6 Rxf2 41. Rc3 Nb2 42. Kg1 Rd2 43. Rf3 d4 44. Re5+ Kg4 45. Rf4+ Kh3 46. Rh4# 1-0

[Event "Live Chess"]
[Site "Chess.com"]
[Date "2024.06.01"]
[Round "-"]
[White "OliWally08"]
[Black "Yarigo"]
[Result "0-1"]
[WhiteElo "1274"]
[BlackElo "2335"]
[TimeControl "300"]
[EndTime "11:32:04 PDT"]
[Termination "Yarigo won by resignation"]

1. e4 c6 2. Nc3 d5 3. Nf3 dxe4 4.
Nxe4 Nf6 5. Qe2 Nxe4 6. Qxe4 Nd7 7. Bc4 Nf6 8. Ne5 e6 9. Qe3 Bd6 10. O-O O-O 11. b3 Qc7 12. Bb2 b5 13. Bd3 Bb7 14.
Rae1 Rfe8 15. f4 Nd7 16. Qh3 f5 17. Nxd7 Qxd7 18. Kh1 c5 19. c4 b4 20. Be2 Bc7 21.
d4 cxd4 22. Bxd4 Qxd4 23. Rd1 Qc5 24. Qg3 Rad8 25. Bh5 Rxd1 26. Rxd1 Rd8 27. Qg5 Rxd1+ 28. Bxd1 Bb6 0-1

[Event "Live Chess"]
[Site "Chess.com"]
[Date "2024.06.01"]
[Round "-"]
[White "Golden_Plans"]
[Black "CliveFrostick"]
[Result "0-1"]
[WhiteElo "2238"]
[BlackElo "1865"]
[TimeControl "300"]
[EndTime "11:32:07 PDT"]
[Termination "CliveFrostick won by resignation"]

1. e4 c5 2. Nf3 e6 3. d4 cxd4 4. Nxd4 Nf6 5. Nc3 Nc6 6. Ndb5 Bb4 7. Nd6+ Ke7 8. Nxc8+ Rxc8 9. Bd3 Ne5 10. Be3 d5 11. exd5 Nxd5 12. Bd2 Nxc3 13. bxc3 Bxc3 14. Bxc3 Rxc3 15. Rb1 b6 16. O-O Nxd3 17. cxd3 Re8 18.
Qg4 Kf8 19. Qb4+ Rc5 20. d4 a5 21. Qxb6 Qxb6 22. Rxb6 Rd5 23. Rd1 Rc8 24. Rb2 Rc4 25.
Rbd2 e5 26. f3 Rdxd4 27. Rxd4 exd4 28. Rd2 a4 29. Kf2 a3 30. Ke2 Ke7 31. Kd3 Rb4 32. Ke4 Ke6 33. g4 Rb2 34. Rxd4 Rxa2 35. Ra4 Re2+ 36.
Kd3 Ra2 37. h4 g6 38. Ra6+ Ke5 39. Ke3 f5 40. f4+ Kd5 41. gxf5 gxf5 42. Ra5+ Kc4 43. Rxf5 Rh2 44. Ra5 a2 45. Ke4 Kb3 46. Kf5 Rxh4 47. Kg5 Rh2 48. Kf6 h5 49. f5 h4 50. Kg5 h3 51. f6 Rf2 52. Rb5+ Kc4 53. Ra5 h2 54. Ra4+ Kb3 0-1

[Event "Live Chess"]
[Site "Chess.com"]
[Date "2024.06.01"]
[Round "-"]
[White "Grace6363"]
[Black "Brooms1989"]
[Result "0-1"]
[WhiteElo "1151"]
[BlackElo "1096"]
[TimeControl "300"]
[EndTime "11:32:10 PDT"]
[Termination "Brooms1989 won by checkmate"]

1. d4 Nf6 2. c4 g6 3. Nc3 Bg7 4. Nf3 O-O 5. Bg5 h6 6. Bh4 c6 7.
e4 d6 8. Be2 Nbd7 9. O-O e5 10.
d5 a5 11. dxc6 bxc6 12. Qa4 Bb7 13. Rad1 Nc5 14. Qa3 Qc7 15. Bxf6 Bxf6 16. b4 axb4 17. Qxb4 Bg7 18. Nd2 f5 19. f3 f4 20. Nb3 Rad8 21.
Nxc5 dxc5 22. Qxc5 Rxd1 23. Rxd1 Rd8 24. Rxd8+ Qxd8 25.
g3 g5 26. Qa7 Bc8 27. Na4 Qd2 28. Qc7 Bh3 29. Bf1 Qe3+ 30. Kh1 Qxf3+ 31. Kg1 Qxf1# 0-1

[Event "Live Chess"]
[Site "Chess.com"]
[Date "2024.06.01"]
[Round "-"]
[White "updatedopenings2024"]
[Black "koekoekoe"]
[Result "1-0"]
[WhiteElo "1960"]
[BlackElo "2068"]
[TimeControl "300"]
[EndTime "11:32:15 PDT"]
[Termination "updatedopenings2024 won by resignation"]

1. e4 d5 2. exd5 Qxd5 3. Nf3 Bg4 4. Be2 e6 5. d4 Nf6 6. c4 Qd8 7. Nc3 c6 8. Qb3 Qb6 9. Bf4 Nbd7 10. Qc2 Bb4 11.
O-O O-O 12. Rad1 Rfd8 13. a3 Be7 14. h3 Bh5 15. c5 Qa5 16. b4 Bg6 17. Qb2 1-0

[Event "Live Chess"]
[Site "Chess.com"]
[Date "2024.06.01"]
[Round "-"]
[White "dhairyapandyauk"]
[Black "A3ndrey9"]
[Result "0-1"]
[WhiteElo "1673"]
[BlackElo "1283"]
[TimeControl "300"]
[EndTime "11:32:19 PDT"]
[Termination "A3ndrey9 won by checkmate"]

1. e4 c6 2. d4 d5 3. exd5 cxd5 4. Bf4 Bf5 5. Nc3 Nf6 6. Bd3 Bxd3 7. Qxd3 e6 8. Nb5 Bd6 9. Nxd6+ Ke7 10. Qa3 Kd7 11. Nxf7 Qb6 12. Ne5+ Ke8 13. Qg3 Qxb2 14. Rd1 Ne4 15.
Qxg7 Qc3+ 16. Kf1 Qxc2 17. Rc1 Qxf2# 0-1

[Event "Live Chess"]
[Site "Chess.com"]
[Date "2024.06.01"]
[Round "-"]
[White "Stanbad1"]
[Black "powerchs"]
[Result "1-0"]
[WhiteElo "2687"]
[BlackElo "1250"]
[TimeControl "300"]
[EndTime "11:32:27 PDT"]
[Termination "Stanbad1 won by resignation"]

1. d4 Nf6 2. c4 d6 3. Nc3 g6 4.
e4 Bg7 5. Be3 O-O 6. f3 Nc6 7.
Qd2 a5 8. d5 Nb4 9. a3 Na6 10.
Rb1 Nc5 11. Qf2 Nb3 12. Bd3 a4 13. Nge2 c6 14. O-O cxd5 15. cxd5 e5 16. Bb5 Bd7 17. Bd3 Nh5 18. Nc1 f5 19. Nxb3 f4 20. Bb6 Qc8 21. Na5 1-0

[Event "Live Chess"]
[Site "Chess.com"]
[Date "2024.06.01"]
[Round "-"]
[White "ProfPoisson"]
[Black "gmnorfolk"]
[Result "0-1"]
[WhiteElo "1252"]
[BlackElo "2108"]
[TimeControl "300"]
[EndTime "11:32:30 PDT"]
[Termination "gmnorfolk won by checkmate"]

1. e4 c5 2. Nc3 Nc6 3. f4 g6 4.
Nf3 Bg7 5. Bb5 Nd4 6. O-O Nxb5 7.
Nxb5 d5 8. exd5 a6 9. Nc3 Nf6 10. d4 Nxd5 11. Nxd5 Qxd5 12. Ne5 cxd4 13. Re1 O-O 14.
Be3 Rd8 15. Bf2 Bf5 16. g4 Be4 17. Qe2 Bh1 18. Bg3 Bxe5 19. fxe5 Bf3 20. Qf2 Bxg4 21.
Qf4 Be6 22. Rad1 Qxa2 23. Bh4 Rd7 24. Rf1 Qxb2 25. Rxd4 Qxd4+ 26. Qxd4 Rxd4 27. Bxe7 Rd7 28. Bf6 h5 29. h4 Rc8 30. Kf2 Rxc2+ 31. Ke3 Rcd2 32.
Rc1 R7d3+ 33. Kf4 Rf2+ 34. Ke4 Bf5# 0-1